 Dungeon Crawl Stone Soup version 0.28-a0-445-g51f8dfeb47 (console) character file.

Game seed: 644248079034630376

79998 Morrissey the Devastator (level 15, -11/88 HPs)
             Began as a Deep Elf Conjurer on Sept 12, 2021.
             Was a High Priest of Vehumet.
             Mangled by a tentacled monstrosity (17 damage)
             ... on level 3 of the Abyss.
             The game lasted 01:17:01 (31464 turns).

Morrissey the Devastator (Deep Elf Conjurer)       Turns: 31464, Time: 01:17:01

Health: -11/88     AC:  8    Str:  4    XL:     15   Next: 22%
Magic:  20/31      EV: 17    Int: 38    God:    Vehumet [*****.]
Gold:   2053       SH:  5    Dex: 16    Spells: 21/35 levels left

rFire   + . .      SeeInvis .   a - staff of conjuration
rCold   . . .      Faith    .   (no shield)
rNeg    . . .      Spirit   .   p - +2 robe of Muejiah {rPois rF+ Int+2 Dex+3}
rPois   +          Reflect  +   i - +0 helmet
rElec   .          Harm     .   W - +1 cloak {Stlth+}
rCorr   .          Rampage  .   (no gloves)
Will    ++...      Rnd*Rage +   q - +0 pair of boots
Stlth   ++++++....              U - amulet of reflection
HPRegen 0.24/turn               S - ring of willpower
MPRegen 0.22/turn               L - +6 ring of intelligence

@: constricted
A: berserk 1, screaming 1
a: Renounce Religion


You were on level 3 of the Abyss.
You worshipped Vehumet.
Vehumet was extremely pleased with you.
You visited 4 branches of the dungeon, and saw 22 of its levels.
You visited the Abyss 1 time.

You collected 2053 gold pieces.

Inventory:

Armour
 i - a +0 helmet (worn)
 l - a +2 robe of willpower
 p - the +2 robe of Muejiah (worn) {rPois rF+ Int+2 Dex+3}
   (You found it on level 4 of the Dungeon)

   Int:       It affects your intelligence (+2).
   Dex:       It affects your dexterity (+3).
   rF:        It protects you from fire.
   rPois:     It protects you from poison.
 q - a +0 pair of boots (worn)
 W - a +1 cloak of stealth (worn)
Magical Staves
 a - a staff of conjuration (weapon)
 N - a staff of death
Jewellery
 e - an amulet of regeneration
 y - an amulet of the acrobat
 D - a ring of poison resistance
 H - a +6 ring of strength
 L - a +6 ring of intelligence (right hand)
 S - a ring of willpower (left hand)
 U - an amulet of reflection (around neck)
 Y - an amulet of magic regeneration
Wands
 g - a wand of acid (3)
 z - a wand of iceblast (52)
 K - a wand of charming (7)
 P - a wand of flame (47)
 Q - a wand of mindburst (18)
 T - a wand of digging (9)
 V - a wand of polymorph (14)
 X - a wand of paralysis (8)
Scrolls
 c - 3 scrolls of amnesia
 j - 3 scrolls of teleportation
 k - 2 scrolls of blinking {unknown}
 m - a scroll of holy word
 r - 2 scrolls of fog {unknown}
 v - 4 scrolls of enchant weapon {unknown}
 w - 2 scrolls of summoning {unknown}
 x - 5 scrolls of enchant armour {unknown}
 C - a scroll of brand weapon
 E - 3 scrolls of vulnerability
 J - a scroll of immolation
 M - 2 scrolls of fear
 R - 5 scrolls of magic mapping
 Z - a scroll of acquirement {unknown}
Potions
 b - a potion of might {unknown}
 d - 3 potions of heal wounds
 f - 3 potions of ambrosia
 h - a potion of haste
 n - 6 potions of lignification {unknown}
 o - 4 potions of degeneration {unknown}
 s - 2 potions of curing {unknown}
 t - 2 potions of cancellation {unknown}
 u - 3 potions of berserk rage {unknown}
 A - 4 potions of invisibility {unknown}
 B - 3 potions of attraction {unknown}
 F - 2 potions of resistance {unknown}
 G - 2 potions of brilliance {unknown}
 I - 4 potions of flight {unknown}
 O - a potion of magic


   Skills:
 - Level 8.0 Fighting
 - Level 2.1 Staves
 - Level 13.9 Dodging
 + Level 10.7 Stealth
 + Level 10.7 Spellcasting
 + Level 16.1 Conjurations
 - Level 14.7 Hexes
 - Level 7.1 Translocations


You had 21 spell levels left.
You knew the following spells:

 Your Spells              Type           Power      Damage    Failure   Level
a - Magic Dart            Conj           100%       1d8       0%          1
b - Searing Ray           Conj           100%       2d8       0%          2
c - Dazzling Flash        Conj/Hex       100%       N/A       0%          3
d - Fulminant Prism       Conj/Hex       59%        3d25      1%          4
e - Iskenderun's Mystic   Conj/Tloc      100%       2d19      1%          4

Your spell library contained the following spells:

 Spells                   Type           Power      Damage    Failure   Level
 Sticky Flame             Conj/Fire      89%        2d10      1%          4
 Beastly Appendage        Tmut           40%        N/A       1%          1
 Sandblast                Erth           40%        2d10      1%          1
 Gell's Gravitas          Tloc           32%        N/A       1%          3
 Ignite Poison            Fire/Tmut/Pois 20%        N/A       1%          3
 Lesser Beckoning         Tloc           65%        N/A       1%          3
 Mephitic Cloud           Conj/Pois/Air  75%        N/A       1%          3
 Stone Arrow              Conj/Erth      100%       3d13      1%          3
 Teleport Other           Tloc           65%        N/A       1%          3
 Freezing Cloud           Conj/Ice/Air   37%        6-21      1%          5
 Passwall                 Tmut/Erth      16%        N/A       2%          2
 Wereblood                Tmut           20%        N/A       2%          2
 Iron Shot                Conj/Erth      44%        9d9       3%          6
 Spider Form              Tmut/Pois      10%        N/A       5%          3
 Animate Armour           Summ/Erth      40%        N/A       19%         4
 Blade Hands              Tmut           10%        N/A       45%         5
 Simulacrum               Ice/Necr       10%        N/A       96%         6
 Polar Vortex             Ice            10%        N/A       100%        9


Dungeon Overview and Level Annotations

Branches:
Dungeon (14/15)            Temple (1/1) D:7            Lair (5/6) D:11
  Swamp (0/4) Lair:2        Snake (0/4) Lair:4        Slime (0/5) Lair:5
    Orc (2/2) D:11            Elf (0/3) Orc:2        Vaults (0/5) D:13

Altars:
Ashenzari
Cheibriados
Dithmenos
Elyvilon
Fedhas
Gozag
Hepliaklqana
Kikubaaqudgha
Makhleb
Nemelex Xobeh
Okawaru
Qazlal
Ru
Sif Muna
Trog
Uskayaw
Vehumet
Wu Jian
Xom
Yredelemnul
Zin
The Shining One

Annotations:
D:6 1 exclusion
D:12 exclusion: downstairs
Lair:1 2 runed translucent doors, Ufofysak's ghost, journeyman DjAE
Lair:5 exclusion: 3 oklob plants


Innate Abilities, Weirdness & Mutations

You tend to lose your temper in combat.
You occasionally shout uncontrollably at your foes.


Message History

The tentacled monstrosity is lightly wounded.
The mystic blast hits the starcursed mass!!
You destroy the starcursed mass!
Vehumet accepts your kill.
Casting: Iskenderun's Mystic Blast (safe; 1% risk of failure)
Confirm with . or Enter, or press ? or * to list all spells.
You feel a surge of power!
You erupt in a blast of force!
The mystic blast hits the apocalypse crab!!
The apocalypse crab is almost dead.
The apocalypse crab is knocked back by the mystic blast.
The apocalypse crab slams into the crystal wall!
The mystic blast hits the tentacled monstrosity.
The tentacled monstrosity is lightly wounded.
The tentacled monstrosity is knocked back by the mystic blast.
You hear a roar!
You hear a hideous shriek!
The starcursed mass shrieks in your mind.
* * * LOW HITPOINT WARNING * * *
The tentacled monstrosity tentacle-slaps you.
* * * LOW HITPOINT WARNING * * *
The tentacled monstrosity tentacle-slaps you!
* * * LOW HITPOINT WARNING * * *
The tentacled monstrosity closely misses you.
The tentacled monstrosity grabs you.
The tentacled monstrosity constricts you!
* * * LOW HITPOINT WARNING * * *
Casting: Iskenderun's Mystic Blast (safe; 1% risk of failure)
Confirm with . or Enter, or press ? or * to list all spells.
You feel a surge of power!
You erupt in a blast of force!
The mystic blast hits the apocalypse crab!!
You kill the apocalypse crab!
Vehumet accepts your kill.
You feel your power returning.
The mystic blast hits the tentacled monstrosity!!
The tentacled monstrosity is moderately wounded.
The mystic blast hits the starcursed mass!!
You destroy the starcursed mass!
Vehumet accepts your kill.
You hear a hideous shriek!
You hear a bark!
The tentacled monstrosity tentacle-slaps you!
You die...

# ## ##X..#
.... ..
##X##..# #t.##
.# ###.. .# #
#####.. ...# .#
#....#.X...##.#
#.†.#.#.# .#
#.. #.##..#..#
#. #..@X..#$#
..........#.#
..###....##...
#.##... ### ..
..... ##
.#.#...
...##..# # .##
###


You could see a tentacled monstrosity.

Vanquished Creatures
  A tentacled starspawn (Abyss:3)
  Snorg (D:11)
  2 ettins
  A vault guard (D:13)
  3 boulder beetles
  5 centaur warriors
  Erica (Lair:2)
  3 death knights (D:13)
  12 hydras
  A dancing weapon (Abyss:3)
  A deep troll earth mage (D:12)
  2 thrashing horrors (Abyss:3)
  7 two-headed ogres
  6 death yaks
  3 orc high priests
  Sonja (Lair:1)
  Nergalle (Lair:4)
  A deep elf knight (D:13)
  A bog body (Lair:2)
  2 lindwurms
  A wizard (D:14)
  Pikel (D:6)
  7 deep elf pyromancers
  2 deep elf zephyrmancers (Orc:2)
  2 orc sorcerers
  3 ugly things
  2 cyclopes (D:13)
  4 manticores
  An apocalypse crab (Abyss:3)
  A guardian serpent (Abyss:3)
  2 black mambas
  A smoke demon (Abyss:3)
  3 gargoyles
  A torpor snail (Lair:3)
  9 cane toads
  Maggie (D:8)
  An unseen horror (Abyss:3)
  4 komodo dragons
  2 rime drakes
  A freezing wraith (D:12)
  3 trolls
  A tengu conjurer (D:13)
  An ancient zyme (Abyss:3)
  Grinder (D:4)
  Prince Ribbit (D:6)
  28 blink frogs
  6 slime creatures
  2 polar bears
  Sigmund (D:2)
  A centaur simulacrum (D:13)
  2 shadows
  4 starcursed masses (Abyss:3)
  2 vampires
  6 wraiths
  Eustachio (D:5)
  35 yaks
  Grum (D:9)
  A neqoxec (Abyss:3)
  4 wyverns
  3 vampire mosquitoes (D:12)
  2 basilisks
  2 steam dragons
  A large abomination (Abyss:3)
  2 nagas (Lair:4)
  7 wargs
  2 acid dragons
  13 water moccasins
  2 black bears
  An ice beast (D:3)
  9 orc warriors
  A hornet zombie (D:8)
  2 sky beasts
  2 ogres
  5 wolves
  16 centaurs
  A lemure (D:6)
  2 kobold brigands (D:7)
  Blork the orc (D:6)
  8 bullfrogs
  3 scorpions
  2 small abominations (Abyss:3)
  A gnoll sergeant (D:10)
  A wyvern zombie (D:8)
  A water moccasin skeleton (D:6)
  18 killer bees
  7 electric eels
  3 howler monkeys
  7 wights
  A centaur zombie (D:5)
  3 jellies
  2 hounds (D:6)
  15 orc priests
  Crazy Yiuf (D:6)
  22 orc wizards
  5 iguanas
  Natasha (thrice) (D:2)
  11 hell rats
  A killer bee zombie (D:9)
  A human simulacrum (D:14)
  Robin (D:2)
  8 gnolls
  2 river rats (Lair:4)
  12 adders
  A shadow imp (D:6)
  3 ufetubi
  2 adder skeletons (D:4)
  A worm (D:2)
  4 dart slugs
  51 orcs
  11 endoplasms
  5 giant cockroaches (D:1)
  13 goblins
  15 hobgoblins
  9 jackals (D:3)
  17 kobolds
  3 quokkas
  6 ball pythons
  7 bats
  3 frilled lizards (D:3)
  11 rats
580 creatures vanquished.

Vanquished Creatures (others)
  A deep elf pyromancer (D:14)
  A human simulacrum (D:14)
  48 fulminant prisms
  39 fungi
  86 plants
  5 starspawn tentacles (Abyss:3)
180 creatures vanquished.

Grand Total: 760 creatures vanquished

Notes
Turn   | Place    | Note
-------+----------+-------------------------------------------
     0 | D:1      | Morrissey the Deep Elf Conjurer began the quest for the
                  | Orb.
     0 | D:1      | Reached XP level 1. HP: 10/10 MP: 6/6
   214 | D:1      | Reached XP level 2. HP: 15/15 MP: 0/8
   683 | D:1      | Learned a level 2 spell: Searing Ray
   802 | D:1      | Reached XP level 3. HP: 19/19 MP: 8/10
  1247 | D:2      | Learned a level 3 spell: Dazzling Flash
  1265 | D:2      | Noticed Robin
  1332 | D:2      | Killed Robin
  1333 | D:2      | Reached skill level 5 in Conjurations
  1333 | D:2      | Reached XP level 4. HP: 22/24 MP: 3/12
  1465 | D:2      | Learned a level 4 spell: Fulminant Prism
  1586 | D:2      | Noticed Natasha
  1589 | D:2      | Killed Natasha
  2027 | D:2      | Noticed Natasha
  2035 | D:2      | Killed Natasha
  2036 | D:2      | Reached skill level 1 in Hexes
  2036 | D:2      | Reached XP level 5. HP: 28/28 MP: 3/14
  2064 | D:2      | Noticed Natasha
  2069 | D:2      | Killed Natasha
  2244 | D:2      | Found a faded altar of an unknown god.
  2405 | D:2      | Noticed Sigmund
  2414 | D:2      | Killed Sigmund
  2415 | D:2      | Reached skill level 5 in Spellcasting
  2415 | D:2      | Reached XP level 6. HP: 28/32 MP: 5/16
  2686 | D:3      | Noticed an ice beast
  2697 | D:3      | Killed an ice beast
  2698 | D:3      | Reached skill level 6 in Conjurations
  2845 | D:3      | Learned a level 4 spell: Iskenderun's Mystic Blast
  3936 | D:4      | Identified the +2 robe of Muejiah {rPois rF+ Int+2 Dex+3}
  3988 | D:4      | Reached XP level 7. HP: 33/36 MP: 4/18
  4142 | D:4      | Reached skill level 1 in Translocations
  4569 | D:4      | Noticed Grinder
  4590 | D:4      | Killed Grinder
  4839 | D:4      | Reached skill level 7 in Conjurations
  5662 | D:5      | Entered Level 5 of the Dungeon
  5711 | D:5      | Reached XP level 8. HP: 28/41 MP: 14/20
  6211 | D:5      | Noticed Eustachio
  6237 | D:5      | Killed Eustachio
  6238 | D:5      | Reached skill level 8 in Conjurations
  6238 | D:5      | Reached skill level 5 in Hexes
  7047 | D:6      | Noticed Pikel
  7060 | D:6      | Killed Pikel
  7061 | D:6      | Reached skill level 9 in Conjurations
  7061 | D:6      | Reached XP level 9. HP: 36/45 MP: 5/21
  7196 | D:6      | Reached skill level 5 in Translocations
  7400 | D:6      | Noticed a two-headed ogre
  7408 | D:6      | Noticed Blork the orc
  7409 | D:6      | Killed a two-headed ogre
  7410 | D:6      | Reached skill level 10 in Conjurations
  7510 | D:6      | Killed Blork the orc
  7981 | D:6      | Noticed Prince Ribbit
  8107 | D:6      | Killed Prince Ribbit
  8617 | D:6      | Found a runed translucent door.
  8618 | D:6      | Noticed Crazy Yiuf
  8622 | D:6      | Killed Crazy Yiuf
  8623 | D:6      | Reached skill level 11 in Conjurations
  9113 | D:7      | Reached XP level 10. HP: 50/50 MP: 17/22
  9297 | D:7      | Found a staircase to the Ecumenical Temple.
  9306 | Temple   | Entered the Ecumenical Temple
  9403 | Temple   | Became a worshipper of Vehumet
 10628 | D:8      | Noticed Maggie
 10645 | D:8      | Killed Maggie
 10901 | D:8      | Noticed a two-headed ogre
 10908 | D:8      | Killed a two-headed ogre
 10909 | D:8      | Reached skill level 1 in Fighting
 10909 | D:8      | Reached skill level 12 in Conjurations
 11286 | D:8      | Reached skill level 5 in Stealth
 11629 | D:9      | Reached * piety under Vehumet
 11629 | D:9      | Offered knowledge of Sandblast by Vehumet.
 11876 | D:9      | Reached skill level 5 in Dodging
 11998 | D:9      | Noticed Grum
 12020 | D:9      | Killed Grum
 12399 | D:9      | Found a basalt altar of Yredelemnul.
 12838 | D:10     | Entered Level 10 of the Dungeon
 13280 | D:10     | Reached XP level 11. HP: 54/58 MP: 13/23
 14213 | D:11     | Reached ** piety under Vehumet
 14213 | D:11     | Offered knowledge of Poisonous Vapours by Vehumet.
 14394 | D:11     | Reached skill level 13 in Conjurations
 14604 | D:11     | Found a staircase to the Orcish Mines.
 14902 | D:11     | Found a staircase to the Lair.
 14923 | Lair:1   | Entered Level 1 of the Lair of Beasts
 15009 | Lair:1   | Found a large runed translucent door.
 15009 | Lair:1   | Found a large runed translucent door.
 15185 | Lair:1   | Noticed Sonja
 15220 | Lair:1   | Killed Sonja
 15313 | Lair:1   | Noticed a five-headed hydra
 15371 | Lair:1   | Noticed a six-headed hydra
 15377 | Lair:1   | Killed a six-headed hydra
 15388 | Lair:1   | Killed a five-headed hydra
 15602 | Lair:1   | Reached skill level 5 in Fighting
 15737 | Lair:1   | Offered knowledge of Scorch by Vehumet.
 15951 | Lair:1   | Noticed Ufofysak's ghost (journeyman DjAE)
 16004 | Lair:1   | Reached XP level 12. HP: 68/68 MP: 18/27
 16010 | Lair:1   | Reached *** piety under Vehumet
 16466 | Lair:1   | Reached skill level 10 in Spellcasting
 16934 | Lair:2   | Noticed a four-headed hydra
 16944 | Lair:2   | Killed a four-headed hydra
 16945 | Lair:2   | Reached skill level 1 in Staves
 17109 | Lair:2   | Noticed an eight-headed hydra
 17199 | Lair:2   | Killed an eight-headed hydra
 17550 | Lair:2   | Found a staircase to the Swamp.
 17616 | Lair:2   | Noticed Erica
 17620 | Lair:2   | Killed Erica
 17783 | Lair:2   | Reached skill level 10 in Dodging
 18116 | Lair:3   | Offered knowledge of Flame Wave by Vehumet.
 18146 | Lair:3   | Found a gate leading to a gauntlet.
 18158 | Lair:3   | You fall into a shaft and drop 2 floors!
 18160 | Lair:5   | Noticed a five-headed hydra
 18172 | Lair:5   | Killed a five-headed hydra
 19098 | Lair:4   | Noticed an eight-headed hydra
 19134 | Lair:4   | Reached **** piety under Vehumet
 19403 | Lair:3   | Noticed a death yak
 19406 | Lair:3   | Killed a death yak
 19408 | Lair:3   | Noticed a five-headed hydra
 19413 | Lair:3   | Killed a five-headed hydra
 19414 | Lair:3   | Reached skill level 14 in Conjurations
 19414 | Lair:3   | Reached XP level 13. HP: 78/78 MP: 18/29
 19653 | Lair:3   | Offered knowledge of Fireball by Vehumet.
 20216 | Lair:3   | Reached skill level 15 in Conjurations
 20820 | Lair:4   | Noticed Nergalle
 20873 | Lair:4   | Reached skill level 10 in Hexes
 21099 | Lair:4   | Found a staircase to the Snake Pit.
 21143 | Lair:4   | Killed Nergalle
 22795 | Lair:5   | Found a staircase to the Slime Pits.
 22970 | D:11     | Noticed Snorg
 22982 | D:11     | Killed Snorg
 23445 | D:11     | Reached ***** piety under Vehumet
 23895 | D:12     | Offered knowledge of Starburst by Vehumet.
 23991 | Orc:1    | Entered Level 1 of the Orcish Mines
 23995 | Orc:1    | Noticed an ettin
 24006 | Orc:1    | Killed an ettin
 24024 | Orc:1    | Reached XP level 14. HP: 67/84 MP: 4/30
 24663 | Orc:2    | Entered Level 2 of the Orcish Mines
 24777 | Orc:2    | Found a staircase to the Elven Halls.
 26563 | D:12     | Reached skill level 10 in Stealth
 27413 | D:12     | Identified the +14 plate armour "Ynig" {+Blink Int+4 Slay-4
                  | SInv}
 27577 | D:12     | Identified the +9 arbalest "Yhisu" {flame, rElec Dex+6}
 28903 | D:13     | Offered knowledge of Sticky Flame by Vehumet.
 29480 | D:13     | Found a gate to the Vaults.
 30407 | D:14     | Reached XP level 15. HP: 88/88 MP: 25/31
 31078 | D:14     | Cast into level 3 of the Abyss (a wizard)
 31111 | Abyss:3  | Found a corrupted altar of Lugonu.
 31163 | Abyss:3  | Gained mutation: You occasionally shout uncontrollably at
                  | your foes. [a neqoxec]
 31164 | Abyss:3  | Gained mutation: You tend to lose your temper in combat. [a
                  | neqoxec]
 31177 | Abyss:3  | Reached skill level 16 in Conjurations
 31219 | Abyss:3  | Noticed an ancient lich
 31378 | Abyss:3  | Noticed a tentacled starspawn
 31380 | Abyss:3  | Noticed a tentacled starspawn
 31410 | Abyss:3  | Killed a tentacled starspawn
 31437 | Abyss:3  | Noticed a tentacled starspawn
 31458 | Abyss:3  | Noticed a tentacled monstrosity
 31464 | Abyss:3  | Mangled by a tentacled monstrosity

Illustrated notes

Levels and vault maps discovered:
D:1:      saegor_arrival_simple_c, layout_basic, chequers_serial_rivers_micro_b
D:2:      layout_basic, hellmonk_ecumenical_altar_leap_of_faith, uniq_sigmund,
          uniq_natasha, uniq_robin
D:3:      layout_basic, minmay_tree_intersection, item_on_display_a
D:4:      layout_layer_cave, uniq_grinder
D:5:      layout_loops_cross, uniq_eustachio
D:6:      layout_loops_corners, kennysheep_boxes, uniq_pikel,
          uniq_blork_the_orc, uniq_prince_ribbit1, uniq_crazy_yiuf_cottage
D:7:      layout_loops_corners, minmay_temple_entry_stoned_glass
D:8:      layout_gridville, kennysheep_generic_room_12, uniq_maggie
D:9:      layout_grid_maze, amcnicky_altar_gilded, uniq_grum
D:10:     layout_roguey, hangedman_decor_points
D:11:     layout_basic, lair_entry_dummy, minmay_orc_entry_guard_dogs,
          water_boxes_lemuel, uniq_snorg
D:12:     minmay_mutant_horseshoe, layout_cave_pools
D:13:     minmay_opposing_rooms, layout_loops_ring, david_vaults_5,
          st_stairs_10, drop_trap, minmay_between
D:14:     layout_basic, bh_circular_ruins
Temple:   dpeg_three_leaves_temple
Lair:1:   layout_roguey, ebering_ghost_disaster_area, grunt_megastairs_4,
          uniq_sonja
Lair:2:   layout_loops_ring, skrybe_swamp_entry_bodies,
          nicolae_volcano_entry_vermiform, uniq_erica
Lair:3:   layout_concentric_octagons, gauntlet_entry_generic, grunt_megastairs_3
Lair:4:   layout_layer_cave, guppyfry_snake_entry_garden, minmay_holes,
          kennysheep_abandoned_house, uniq_nergalle
Lair:5:   layout_hall_layers, minmay_slime_entry_oklob_open, serial_forest,
          infiniplex_forest_end_1, infiniplex_forest_clump_tiny,
          infiniplex_forest_straight_5, infiniplex_forest_straight_1,
          infiniplex_forest_lined_room_3, infiniplex_forest_straight_4,
          serial_bayou_pond_c, serial_bayou_shore_b
Orc:1:    layout_caves
Orc:2:    st_orc_town, layout_caves, basic_altar, elves_outpost_lemuel
Abyss:3:  base: D:12, evilmike_abyss_rune_tso_outpost,
          evilmike_abyss_rune_tso_outpost,
          hangedman_grunt_abyss_rune_horror_hoard, evilmike_abyss_rune_ettins

Skill      XL: |  1  2  3  4  5  6  7  8  9 10 11 12 13 14 15 |
---------------+----------------------------------------------+-----
Stealth        | 3 4 6 8 10 | 10.7
Dodging        | 3 4 5 8 10 13 | 13.9
Spellcasting   | 4 5 6 7 9 10 | 10.7
Conjurations   | 5 6 7 9 11 12 13 14 15 16 | 16.1
Hexes          | 1 2 4 6 8 9 14 | 14.7
Translocations | 2 4 6 7 |  7.1
Fighting       | 2 5 8 |  8.0
Staves         | 2 |  2.1

Action                   |  1- 3 |  4- 6 |  7- 9 | 10-12 | 13-15 || total
-------------------------+-------+-------+-------+-------+-------++-------
Melee: Unarmed           |     2 |       |       |       |       ||     2
       Staff             |       |       |    14 |     9 |    11 ||    34
 Cast: Magic Dart        |    64 |   119 |   212 |   425 |   505 ||  1325
       Searing Ray       |     3 |     5 |    13 |    13 |       ||    34
       Fulminant Prism   |       |       |     6 |    12 |    33 ||    51
       Iskenderun's Myst |       |       |     9 |   139 |   281 ||   429
       Dazzling Flash    |       |       |       |     7 |     2 ||     9
Evoke: Wand              |       |       |       |     3 |     7 ||    10
  Use: Scroll            |       |       |       |    13 |     3 ||    16
       Potion            |       |       |       |       |     3 ||     3
Armor: Robe              |     2 |     6 |    29 |    41 |    32 ||   110
Dodge: Dodged            |    15 |    18 |    70 |   123 |   115 ||   341
Block: Other             |       |       |       |     7 |    31 ||    38
       Reflection        |       |       |       |     1 |    11 ||    12

Table legend: (Time is in decaauts)
 A = Elapsed time spent in this place.
 B = Non-inter-level travel time spent in this place.
 C = Inter-level travel time spent in this place.
 D = Time resting spent in this place.
 E = Time spent auto-exploring this place.
 F = Levels seen in this place.
 G = Mean time per level.
                   A        B        C        D        E       F      G
               +--------+--------+--------+--------+--------+-----+--------+
         Total |  31502 |  30654 |    848 |   8365 |  17618 |  23 | 1369.7 |
       Dungeon |  21063 |  20511 |    552 |   5272 |  12319 |  14 | 1504.5 |
        Temple |    102 |     81 |     21 |      0 |     71 |   1 |  102.0 |
          Lair |   8044 |   7828 |    216 |   1898 |   4766 |   5 | 1608.8 |
  Orcish Mines |   1924 |   1866 |     58 |   1091 |    462 |   2 |  962.0 |
         Abyss |    367 |    367 |      0 |    103 |      0 |   1 |  367.0 |
               +--------+--------+--------+--------+--------+-----+--------+

Top non-repeatable levels by time:
    D:13: 2454 daAuts
  Lair:4: 2227 daAuts
    D:11: 2106 daAuts
  Lair:1: 1904 daAuts
     D:6: 1776 daAuts
     D:4: 1740 daAuts
    D:10: 1526 daAuts
  Lair:3: 1475 daAuts
     D:7: 1452 daAuts
     D:2: 1436 daAuts
   Orc:1: 1386 daAuts
     D:8: 1361 daAuts
  Lair:2: 1357 daAuts
    D:12: 1347 daAuts
     D:3: 1293 daAuts
